 Dungeon Crawl Stone Soup version 0.26-a0-466-g989023bd0d (webtiles) character file.

Game seed: 6811506435814983542

58 Conn the Magician (level 4, 0/27 HPs)
             Began as an Octopode Hedge Wizard on July 29, 2020.
             Slain by a gnoll
             ... wielding a +0 flail
              (10 damage)
             ... on level 2 of the Dungeon.
             The game lasted 00:04:58 (1835 turns).

Conn the Magician (Octopode Hedge Wizard)           Turns: 1835, Time: 00:04:58

Health: 0/27       AC:  1    Str:  9    XL:     4   Next: 2%
Magic:  3/9        EV:  7    Int: 17    God:
Gold:   58         SH:  0    Dex: 11    Spells: 2/10 levels left

rFire    . . .     SeeInvis .   a - +0 dagger
rCold    . . .     Faith    .   (no shield)
rNeg     . . .     Spirit   .   b - +0 hat
rPois    .         Reflect  .   (no amulet)
rElec    .         Harm     .   (no ring)
rCorr    .                      (no ring)
MR       .....                  (no ring)
Stlth    +++.......             (no ring)
HPRegen  0.09/turn              (no ring)
MPRegen  0.11/turn              (no ring)
                                (no ring)
                                (no ring)

@: held
A: almost no armour, stealthy swim, amphibious, 8 rings, constrict 8, camouflage
1, gelatinous body 1
a: no special abilities


You were on level 2 of the Dungeon.
You visited 1 branch of the dungeon, and saw 2 of its levels.

You collected 58 gold pieces.

Inventory:

Hand Weapons
 a - a +0 dagger (weapon)
Armour
 b - a +0 hat (worn)
Scrolls
 c - 2 scrolls of amnesia {unknown}
 d - a scroll of identify {unknown}
 h - a scroll of remove curse {unknown}
Potions
 e - 2 potions of cancellation {unknown}
 f - a potion of lignification {unknown}
 g - 3 potions of ambrosia {unknown}


   Skills:
 + Level 0.5 Short Blades
 + Level 2.3 Dodging
 + Level 3.5 Stealth
 + Level 3.8 Spellcasting
 + Level 1.3 Conjurations
 + Level 1.1 Summonings
 + Level 1.0 Translocations


You had 2 spell levels left.
You knew the following spells:

 Your Spells              Type           Power        Failure   Level
a - Magic Dart            Conj           #...         10%         1
b - Blink                 Tloc           N/A          16%         2
c - Call Imp              Summ           #.......     16%         2
d - Conjure Flame         Conj/Fire      #.......     36%         3

Your spell library contained the following spells:

 Spells                   Type           Power        Failure   Level
 Slow                     Hex            #.......     24%         2
 Mephitic Cloud           Conj/Pois/Air  #.......     38%         3


Dungeon Overview and Level Annotations

Branches:
Dungeon (2/15)

Altars:


Innate Abilities, Weirdness & Mutations

You cannot wear most types of armour.
You are very stealthy in the water. (Stealth+)
You are amphibious.
You can wear up to eight rings at the same time.
You can use your tentacles to constrict eight enemies at once.
Your skin changes colour to match your surroundings (Stealth+).
Your rubbery body absorbs attacks. (AC +1, EV +1)


Message History

The hobgoblin closely misses your white imp.
Your white imp closely misses the hobgoblin.
The hobgoblin hits your white imp with a +0 whip.
Your white imp gestures at the hobgoblin.
The puff of frost hits the hobgoblin.
The hobgoblin dies!
You see here a stone.
You swap places.
Things that are here:
a +0 spear; a flail; a gnoll corpse
Items here: ! $ ( ) [.
The gnoll throws a throwing net.
The throwing net hits you.
You become entangled in the net!
Your magical contamination has completely faded away.
You see here a throwing net.
You struggle against the net.
You struggle against the net.
You struggle against the net.
You struggle against the net.
The gnoll hits you with a +0 flail!
You die...

#...#.......# #.#
#.#####...).## #.#
#...#...##...####.#
###.#.###.........#
#...# #>...######
#.### #.#.## #.#
#.#(# #.# #.#5# #.#
#.#@# #######.#
#.#g# ...^....#
#.#.# #########
###.#(#######
#...........#
####.###.#####.#
#....# #.#
#.##.###.#
#.##.....#


You could see a gnoll and a friendly white imp (summoned).

Vanquished Creatures
  A gnoll (D:2)
  A dart slug (D:1)
  4 giant cockroaches (D:1)
  6 hobgoblins (D:1)
  2 jackals (D:1)
  A quokka (D:2)
  A ball python (D:1)
  6 bats
  A frilled lizard (D:1)
  A jackal zombie (D:2)
  6 kobolds (D:1)
  3 rats (D:1)
33 creatures vanquished.

Vanquished Creatures (collateral kills)
  An adder (D:2)
  2 gnolls (D:2)
  A goblin (D:2)
  A hobgoblin (D:2)
  A frilled lizard (D:2)
6 creatures vanquished.

Grand Total: 39 creatures vanquished

Notes
Turn   | Place    | Note
-------+----------+-------------------------------------------
     0 | D:1      | Conn the Octopode Hedge Wizard began the quest for the Orb.
     0 | D:1      | Reached XP level 1. HP: 11/11 MP: 4/4
   385 | D:1      | Reached XP level 2. HP: 17/17 MP: 0/6
  1076 | D:1      | Reached XP level 3. HP: 14/21 MP: 8/8
  1178 | D:1      | Learned a level 2 spell: Blink
  1181 | D:1      | Learned a level 2 spell: Call Imp
  1185 | D:1      | Learned a level 3 spell: Conjure Flame
  1815 | D:2      | Reached XP level 4. HP: 8/27 MP: 1/9
  1835 | D:2      | Slain by a gnoll

Illustrated notes

Levels and vault maps discovered:
D:1:      lightli_arrival_boilingwater, layout_loops_corners,
          minmay_splitting_lines
D:2:      layout_loops_ring, lemuel_crystal_altar, marbit_many_paths,
          kennysheep_slug_shrine, uniq_terence, uniq_crazy_yiuf_cottage,
          uniq_sigmund

Skill      XL: |  1  2 |
---------------+-------+-----
Stealth        | 3 |  3.5
Short Blades   | |  0.5
Dodging        | |  2.3
Spellcasting   | |  3.8
Conjurations   | |  1.3
Summonings     | |  1.1
Translocations | |  1.0

Action                   |  1- 3 |  4- 6 || total
-------------------------+-------+-------++-------
Melee: Dagger            |    49 |       ||    49
       Constrict         |    14 |       ||    14
       Tentacles         |     7 |       ||     7
 Cast: Magic Dart        |    45 |       ||    45
       Call Imp          |     5 |       ||     5
 Stab: Sleeping          |     5 |       ||     5
Armor: Skin              |     5 |       ||     5
Dodge: Dodged            |    32 |     2 ||    34

Table legend: (Time is in decaauts)
 A = Elapsed time spent in this place.
 B = Non-inter-level travel time spent in this place.
 C = Inter-level travel time spent in this place.
 D = Time resting spent in this place.
 E = Time spent auto-exploring this place.
 F = Levels seen in this place.
 G = Mean time per level.
                   A        B        C        D        E       F      G
               +--------+--------+--------+--------+--------+-----+--------+
         Total |   1834 |   1834 |      0 |    296 |   1083 |   2 |  917.0 |
       Dungeon |   1834 |   1834 |      0 |    296 |   1083 |   2 |  917.0 |
               +--------+--------+--------+--------+--------+-----+--------+

Top non-repeatable levels by time:
     D:1: 1489 daAuts
     D:2: 345 daAuts
